 Dungeon Crawl Stone Soup version 0.29.1-4-g47bece8355 (webtiles) character file.

Game seed: 17321723101574711475

463 Mune the Covered (level 6, -1/44 (53) HPs)
             Began as a Minotaur Fighter on Dec 4, 2022.
             Was a Follower of Ru.
             Succumbed to an adder's poison
             ... on level 5 of the Dungeon.
             The game lasted 00:12:19 (4998 turns).

Mune the Covered (Minotaur Fighter)                 Turns: 4998, Time: 00:12:20

HP:   -1/44 (53)    AC:  8    Str: 23    XL:     6   Next: 79%
MP:   5/5           EV: 10    Int:  5    God:    Ru [*.....]
Gold: 224           SH:  4    Dex:  9    Spells: 5/5 levels left

rFire   . . .      SeeInvis .   a - +0 long sword
rCold   . . .      Faith    .   c - +0 buckler
rNeg    . . .      Spirit   .   b - +0 scale mail
rPois   .          Reflect  .   (helmet restricted)
rElec   .          Harm     .   (no cloak)
rCorr   .          Rampage  .   (no gloves)
Will    .....                   e - +0 pair of boots
Stlth   ..........              (no amulet)
HPRegen 0.14/turn               (no ring)
MPRegen 0.09/turn               (no ring)

@: lethally poisoned (-1 -> -7), silenced, heavily drained, unable to drink
A: horns 2, inability to drink after injury 2, retaliatory headbutt
a: Renounce Religion


You were on level 5 of the Dungeon.
You worshipped Ru.
Ru was aware of your devotion.
You visited 1 branch of the dungeon, and saw 5 of its levels.

You collected 224 gold pieces.

Inventory:

Hand Weapons
 a - a +0 long sword (weapon)
 B - a +2 hand axe of freezing
Missiles
 p - 4 javelins (quivered)
Armour
 b - a +0 scale mail (worn)
 c - a +0 buckler (worn)
 e - a +0 pair of boots (worn)
 F - a +0 scale mail
Jewellery
 o - a ring of magical power
 u - a ring of ice
Wands
 s - a wand of mindburst (9)
Scrolls
 f - a scroll of amnesia {unknown}
 g - 4 scrolls of teleportation {unknown}
 h - 2 scrolls of butterflies {unknown}
 i - a scroll of acquirement {unknown}
 j - 2 scrolls of enchant weapon {unknown}
 l - 5 scrolls of identify {unknown}
 x - a scroll of fear {unknown}
 y - a scroll of magic mapping {unknown}
 A - 2 scrolls of noise {unknown}
 E - a scroll of blinking {unknown}
Potions
 d - a potion of might
 k - a potion of berserk rage
 m - a potion of attraction {unknown}
 n - a potion of flight {unknown}
 q - 2 potions of heal wounds {unknown}
 r - a potion of magic {unknown}
 t - a potion of lignification {unknown}
 v - a potion of mutation {unknown}
 z - 3 potions of curing {unknown}
 C - a potion of degeneration {unknown}
 D - a potion of invisibility


   Skills:
 + Level 4.7 Fighting
 + Level 5.4 Long Blades
 + Level 5.7 Armour
 + Level 2.2 Dodging
 + Level 0.2 Stealth
 + Level 4.8 Shields


You had 5 spell levels left.
You didn't know any spells.
Your spell library contained the following spells:

 Spells                   Type           Power      Damage    Failure   Level
 Poisonous Vapours        Pois/Air       0%         N/A       94%         2
 Call Canine Familiar     Summ           0%         N/A       99%         3
 Conjure Flame            Conj/Fire      0%         6-21      99%         3
 Ignite Poison            Fire/Tmut/Pois 0%         N/A       99%         3
 Portal Projectile        Hex/Tloc       0%         N/A       99%         3
 Tukima's Dance           Hex            0%         N/A       99%         3
 Corpse Rot               Necr/Pois/Air  0%         N/A       100%        4
 Leda's Liquefaction      Hex/Erth       0%         N/A       100%        4
 Sticky Flame             Conj/Fire      0%         2d3       100%        4
 Blade Hands              Tmut           0%         N/A       100%        5


Dungeon Overview and Level Annotations

Branches:
Dungeon (5/15)
 Temple: D:4-7

Altars:
Ru
Sif Muna

Shops:
D:1 *


Innate Abilities, Weirdness & Mutations

You have a pair of horns on your head.
You sometimes lose the ability to drink potions when taking damage.
You reflexively headbutt those who attack you in melee.


Message History

You barely miss the orc. Your headbutt misses the orc.
The orc is severely wounded.
The orc hits you but does no damage. You block something's attack.
Something hits you.
You feel threatened and lose the ability to drink potions!
You feel drained.
You closely miss the orc. Your headbutt misses the orc.
The orc hits you with a +0 mace. Something hits you but does no damage.
You feel drained. The orc hits you with a +0 club.
You closely miss the orc. The orc closely misses you. Something hits you!
You feel drained. The orc hits you but does no damage.
You cannot drink potions in your current state!
You cannot drink potions in your current state!
You cannot drink potions in your current state!
You cannot drink potions in your current state!
Okay, then.
As you read the scroll labelled SILYDGH OSOKE, it crumbles to dust.
A profound silence engulfs you.
It was a scroll of silence.
You block the orc's attack. The orc barely misses you.
You hit the orc.
You kill the orc!
The orc closely misses you. Something hits you.
* * * LOW HITPOINT WARNING * * *
You feel drained.
* * * LOW HITPOINT WARNING * * *
You barely miss the orc. You headbutt the orc!
You kill the orc!
Something hits you.
* * * LOW HITPOINT WARNING * * *
You feel drained. The adder bites you but does no damage.
You barely miss the adder. Something hits you.
* * * LOW HITPOINT WARNING * * *
You feel drained.
* * * LOW HITPOINT WARNING * * *
The adder bites you.
* * * LOW HITPOINT WARNING * * *
You are lethally poisoned!
The adder poisons you!
You miss the adder. Your headbutt misses the adder.
You die...

# .. #######..#
....###){.......
.......@So......
....###)#####...
. #.# #.# #)#
#)# #######.#
........#######
..............#


You could see an adder and an orc.

Vanquished Creatures
  An ogre (D:4)
  A bullfrog (D:4)
  A scorpion (D:5)
  2 hounds
  An iguana (D:5)
  An orc wizard (D:3)
  5 adders
  2 dart slugs
  12 orcs
  12 endoplasms
  6 giant cockroaches
  8 goblins
  4 hobgoblins
  7 quokkas
  7 ball pythons
  4 bats
  6 frilled lizards
  7 kobolds
  7 rats
94 creatures vanquished.

Notes
Turn   | Place    | Note
-------+----------+-------------------------------------------
     0 | D:1      | Mune the Minotaur Fighter began the quest for the Orb.
     0 | D:1      | Reached XP level 1. HP: 19/19 MP: 0/0
   181 | D:1      | Reached XP level 2. HP: 27/27 MP: 1/1
   192 | D:1      | Found Xequgak's Assorted Antiques.
  1058 | D:1      | Found a faded altar of an unknown god.
  1485 | D:2      | Reached XP level 3. HP: 29/33 MP: 2/2
  1521 | D:2      | Found a sacrificial altar of Ru.
  1529 | D:2      | Became a worshipper of Ru the Awakened
  1855 | D:2      | Reached XP level 4. HP: 39/40 MP: 3/3
  2418 | D:3      | Reached skill level 1 in Dodging
  2929 | D:3      | Gained mutation: You occasionally lose the ability to drink
                  | potions when taking damage. [Ru sacrifice]
  2929 | D:3      | Gained mutation: You sometimes lose the ability to drink
                  | potions when taking damage. [Ru sacrifice]
  2929 | D:3      | Reached * piety under Ru
  3030 | D:3      | Reached XP level 5. HP: 47/47 MP: 4/4
  3226 | D:3      | Found a shimmering blue altar of Sif Muna.
  3908 | D:4      | Noticed an ogre
  3919 | D:4      | Killed an ogre
  3920 | D:4      | Reached skill level 5 in Armour
  3923 | D:4      | Reached XP level 6. HP: 19/53 MP: 5/5
  4405 | D:4      | Reached skill level 5 in Long Blades
  4824 | D:5      | Entered Level 5 of the Dungeon
  4997 | D:5      | HP: 2/44 [something (1)]
  4998 | D:5      | Succumbed to an adder's poison

Illustrated notes

Levels and vault maps discovered:
D:1:      ebering_hopf_link, layout_basic,
          hellmonk_ecumenical_altar_inner_sanctum, serial_shops,
          nicolae_shop_statue_plus
D:2:      layout_loops_ring, basic_altar, minmay_tetromino_i2
D:3:      layout_basic, nicolae_sif_muna_little_library, hex_medium,
          kennysheep_doodads
D:4:      layout_basic, kennysheep_generic_room_5
D:5:      layout_basic, worldfamousw_hep_ancestral_shrine

Skill      XL: |  1  2  3  4  5  6 |
---------------+-------------------+-----
Fighting       | 4 |  4.7
Armour         | 4 5 |  5.7
Long Blades    | 3 4 5 |  5.4
Shields        | 4 |  4.8
Dodging        | 1 2 |  2.2
Stealth        | |  0.2

Action                   |  1- 3 |  4- 6 || total
-------------------------+-------+-------++-------
Melee: Long sword        |    75 |   156 ||   231
       Headbutt          |     8 |    20 ||    28
       Hand axe          |       |     3 ||     3
Invok: Sacrifice Drink   |       |     1 ||     1
  Use: Potion            |       |     2 ||     2
       Scroll            |       |     1 ||     1
Armor: Scale mail        |    36 |    92 ||   128
Dodge: Dodged            |    45 |   104 ||   149
Block: Buckler           |    14 |    37 ||    51
